 Dungeon Crawl Stone Soup version 0.27.1-35-g4d5d836560 (webtiles) character file.

Game seed: 7936993953390457399

4 cbfl8 the Sneak (level 1, -11/19 HPs)
             Began as a Minotaur Delver on Mar 18, 2022.
             Mangled by Duvessa (17 damage)
             ... on level 4 of the Dungeon.
             The game lasted 00:00:38 (562 turns).

cbfl8 the Sneak (Minotaur Delver)                    Turns: 562, Time: 00:00:39

Health: -11/19     AC:  3    Str: 16    XL:     1   Next: 58%
Magic:  0/0        EV: 11    Int:  7    God:
Gold:   47         SH:  0    Dex: 11    Spells: 0/0 levels left

rFire    . . .     SeeInvis .   a - +0 hand axe
rCold    . . .     Faith    .   (no shield)
rNeg     . . .     Spirit   .   b - +0 leather armour
rPois    .         Reflect  .   (helmet restricted)
rElec    .         Harm     .   (no cloak)
rCorr    .         Rampage  .   (no gloves)
Will     .....                  (no boots)
Stlth    ++........             (no amulet)
HPRegen  0.06/turn              (no ring)
MPRegen  0.07/turn              (no ring)

@: no status effects
A: horns 2, retaliatory headbutt
a: no special abilities


You were on level 4 of the Dungeon.
You visited 1 branch of the dungeon, and saw 3 of its levels.

You collected 47 gold pieces.

Inventory:

Hand Weapons
 a - a +0 hand axe (weapon)
Armour
 b - a +0 leather armour (worn)
Wands
 g - a wand of digging (3)
Scrolls
 c - a scroll of fog
 d - a scroll of magic mapping
 e - a scroll of fear
 h - 2 scrolls of identify {unknown}
Potions
 f - a potion of haste
 i - a potion of might {unknown}


   Skills:
 + Level 3.6 Fighting
 + Level 2.4 Axes
 + Level 2.1 Dodging
 + Level 4.3 Stealth


You couldn't memorise any spells.
You didn't know any spells.
Your spell library was empty.

Dungeon Overview and Level Annotations

Branches:
Dungeon (5/15)
 Temple: D:4-7

Altars:

Shops:
D:4 *

Annotations:
D:3 Terence
D:4 Dowan, Duvessa


Innate Abilities, Weirdness & Mutations

You have a pair of horns on your head.
You reflexively headbutt those who attack you in melee.


Message History

HP restored.
You start waiting.
Done waiting.
There is a stone staircase leading up here.
You now have 29 gold pieces (gained 13).
Found 7 gold pieces.
An adder skeleton comes into view.
You now have 36 gold pieces (gained 7).
Found 24 bolts.
You see here 24 bolts.
Found 15 stones.
Found an escape hatch in the floor.
Found 11 gold pieces.
Found an escape hatch in the ceiling.
Found a stone staircase leading down.
There is an escape hatch in the floor here.
You now have 47 gold pieces (gained 11).
Found a glowing golden potion.
Found Faro's Assorted Antiques.
i - a glowing golden potion
There is an entrance to Faro's Assorted Antiques here.
A giant cockroach comes into view.
Dowan, Brother of Duvessa comes into view.
He is wielding a +0 dagger.
Dowan shouts!
Dowan casts a spell at you. You resist with significant effort.
Duvessa, Sister of Dowan comes into view.
She is wielding a +0 short sword of electrocution and carrying a wand of digging (5).
A goblin comes into view. It is wielding a +0 dagger.
The giant cockroach barely misses you. You furiously retaliate!
You headbutt the giant cockroach.
Dowan mumbles some strange words.
Dowan blinks!
The goblin shouts!
You hit the giant cockroach.
The giant cockroach is almost dead.
The giant cockroach closely misses you. You furiously retaliate!
You headbutt the giant cockroach.
You kill the giant cockroach!
Duvessa hits you with a +0 short sword of electrocution!
Ouch! That really hurt!
You are electrocuted!
Ouch! That really hurt!
You die...

#########
##.......#########
...#.∩.#.........##
##.......#######@.##
######### ##e.#
#..........#
#...g......#
#..........#
#...........
#..........#
.......e.... #
##...........


You could see Duvessa, Dowan and a goblin.

Vanquished Creatures
  A worm (D:4)
  A giant cockroach (D:4)
2 creatures vanquished.

Notes
Turn   | Place    | Note
-------+----------+-------------------------------------------
     0 | D:5      | cbfl8 the Minotaur Delver began the quest for the Orb.
     0 | D:5      | Reached XP level 1. HP: 19/19 MP: 0/0
    53 | D:3      | Noticed Terence
   536 | D:4      | Found Faro's Assorted Antiques.
   556 | D:4      | Noticed Dowan
   558 | D:4      | Noticed Duvessa
   562 | D:4      | Mangled by Duvessa

Illustrated notes

Levels and vault maps discovered:
D:3:      layout_basic, ebering_dispersal_statue_hall, minmay_puff,
          uniq_natasha, uniq_terence, uniq_jessica, uniq_ijyb
D:4:      layout_rooms, serial_shops, nicolae_shop_stone, uniq_duvessa
D:5:      layout_basic, minmay_temple_entry_fiery

Action                   || total
-------------------------++-------
Melee: Hand axe          ||     8
       Headbutt          ||     1
Dodge: Dodged            ||     3
